 Dungeon Crawl Stone Soup version 0.25.1-11-g244df3a29b (webtiles) character file.

Game seed: 15218785660844753242

86 DeepDeath the Chopper (level 4, 0/33 HPs)
             Began as a Formicid Gladiator on Jan 2, 2024.
             Succumbed to an adder's poison
             ... on level 2 of the Dungeon.
             The game lasted 00:03:38 (1069 turns).

DeepDeath the Chopper (Formicid Gladiator)          Turns: 1069, Time: 00:03:39

Health: 0/33       AC:  3    Str: 16 (19) XL:     4   Next: 78%
Magic:  4/4        EV: 14    Int:  6 (8)  God:
Gold:   119        SH:  0    Dex: 10 (12) Spells: 3/3 levels left

rFire    + . .     SeeInvis +   a - +0 war axe
rCold    + . .     Gourm    .   (no shield)
rNeg     . . .     Faith    .   b - +0 leather armour
rPois    .         Spirit   .   (helmet unavailable)
rElec    .         Reflect  .   (no cloak)
rCorr    .         Harm     .   (no gloves)
MR       .....                  (no boots)
Stlth    +.........             (no amulet)
HPRegen  0.11/turn              (no ring)
MPRegen  0.09/turn              (no ring)

@: mighty, lethally poisoned (0 -> -1)
A: permanent stasis, dig shafts and tunnels, four strong arms, antennae 3,
repulsion field 1, cold resistance 1, fire resistance 1, MP-powered wands
a: Dig, Shaft Self


You were on level 2 of the Dungeon.
You were not hungry.

You visited 1 branch of the dungeon, and saw 2 of its levels.

You collected 119 gold pieces.

Inventory:

Hand Weapons
 a - a +0 war axe (weapon)
Missiles
 c - 3 throwing nets
 e - 62 stones
 h - 26 bolts
 i - 28 sling bullets
 l - 26 arrows
 n - 5 poisoned darts (quivered)
Armour
 b - a +0 leather armour (worn)
 g - a +0 buckler
Comestibles
 d - 2 rations


   Skills:
 - Level 2.1 Fighting
 * Level 4.8 Axes
 - Level 2.0 Throwing
 - Level 1.0 Armour
 - Level 2.6 Dodging
 - Level 1.0 Stealth
 - Level 1.0 Shields


You had 3 spell levels left.
You didn't know any spells.
Your spell library was empty.

Dungeon Overview and Level Annotations

Branches:
Dungeon (2/15)

Altars:

Annotations:
D:2 Jessica


Innate Abilities, Weirdness & Mutations

You cannot be hasted, slowed, berserked, paralysed or teleported.
You can dig through walls and to a lower floor.
Your four strong arms can wield two-handed weapons with a shield.
You have a pair of large antennae on your head. (SInv)
You are surrounded by a mild repulsion field. (EV +2)
Your flesh is cold resistant. (rC+)
Your flesh is heat resistant. (rF+)
You expend magic power (3 MP) to strengthen your wands.


Message History

As you open the door, it creaks loudly!
* * * LOW HITPOINT WARNING * * *
You feel sick.
You hear a shout!
A goblin comes into view.
You hear a shout!
You hear an angry hiss.
Found a pink potion.
Unknown command.
Unknown command.
A giant cockroach comes into view.
The goblin hits you but does no damage.
There is an open door here.
Unknown command.
Unknown command.
A leopard gecko and a hobgoblin come into view.
The leopard gecko hisses angrily.
The hobgoblin shouts!
Found a ration.
Unknown command.
Unknown command.
You die...

# # .. #####+#####..
#............
#..!.........
#..@s........ ###
####...g.......# #..
................# #..
........#'############..
......lg#............'..
........##############.%
........# #.. ........#
#.. .....%..# #..


You could see a leopard gecko, a giant cockroach, a hobgoblin and a goblin.

Vanquished Creatures
  2 adders (D:2)
  3 oozes
  2 worms (D:2)
  4 dart slugs (D:1)
  2 leopard geckos (D:1)
  A ball python (D:2)
  3 bats
  A giant cockroach (D:1)
  5 goblins
  4 hobgoblins
  3 jackals (D:2)
  2 frilled lizards
  5 kobolds
  4 rats (D:1)
41 creatures vanquished.

Vanquished Creatures (others)
  5 toadstools (D:1)
5 creatures vanquished.

Grand Total: 46 creatures vanquished

Notes
Turn   | Place    | Note
-------+----------+-------------------------------------------
     0 | D:1      | DeepDeath the Formicid Gladiator began the quest for the
                  | Orb.
     0 | D:1      | Reached XP level 1. HP: 16/16 MP: 1/1
    34 | D:1      | Reached XP level 2. HP: 9/22 MP: 2/2
   101 | D:1      | Reached skill level 1 in Stealth
   172 | D:1      | Reached skill level 1 in Armour
   203 | D:1      | Reached XP level 3. HP: 24/27 MP: 3/3
   355 | D:1      | Reached skill level 1 in Shields
   477 | D:1      | Reached skill level 4 in Axes
   609 | D:2      | Reached XP level 4. HP: 24/33 MP: 4/4
   976 | D:2      | Noticed Jessica
  1044 | D:2      | Gained mutation: Your flesh is cold resistant. (rC+)
                  | [potion of mutation]
  1044 | D:2      | Gained mutation: Your flesh is heat resistant. (rF+)
                  | [potion of mutation]
  1044 | D:2      | Gained mutation: You expend magic power (3 MP) to
                  | strengthen your wands. [potion of mutation]
  1044 | D:2      | Gained mutation: You are surrounded by a mild repulsion
                  | field. (EV +2) [potion of mutation]
  1061 | D:2      | HP: 1/33 [poisoned by an adder]
  1069 | D:2      | Succumbed to an adder's poison

Illustrated notes

Levels and vault maps discovered:
D:1:      ldierk_walled_garden, layout_rooms
D:2:      layout_basic, first_ration, okawaru_metal_pillars_1_2, uniq_jessica

Skill      XL: |  1  2  3 |
---------------+----------+-----
Stealth        | 1 |  1.0
Armour         | 1 |  1.0
Shields        | 1 |  1.0
Axes           | 4 |  4.8
Fighting       | |  2.1
Throwing       | |  2.0
Dodging        | |  2.6

Action                   |  1- 3 |  4- 6 || total
-------------------------+-------+-------++-------
Melee: War axe           |    75 |    45 ||   120
Throw: Dart              |       |     3 ||     3
  Use: Scroll            |     2 |       ||     2
       Potion            |       |     6 ||     6
 Stab: Sleeping          |     1 |       ||     1
  Eat: Chunk             |       |     1 ||     1
Armor: Leather armour    |    22 |    22 ||    44
Dodge: Dodged            |    42 |    35 ||    77
